 Dungeon Crawl Stone Soup version 0.31.0-9-g3a7656b989 (webtiles) character file.

Game seed: 13451188719930321010

779 Killerpretzel the Sneak (level 7, -6/32 HPs)
             Began as a Felid Air Elementalist on Jan 31, 2024.
             Mangled by a gnoll sergeant
             ... wielding a +1 trident of venom
              (12 damage)
             ... on level 6 of the Dungeon.
             The game lasted 00:18:32 (6420 turns).

Killerpretzel the Sneak (Felid Air Elementalist)    Turns: 6420, Time: 00:18:32

Health: -6/32      AC:  2    Str: 10    XL:     7   Next: 54%
Magic:  0/13       EV: 19    Int: 21    God:
Gold:   233        SH:  0    Dex: 16    Spells: 10/13 levels left
                                        Lives:  0   Deaths: 2

rFire   . . .        (weapon unavailable)
rCold   . . .        (shield unavailable)
rNeg    . . .        (body armour unavailable)
rPois   .            (helmet unavailable)
rElec   .            (cloak unavailable)
rCorr   .            (gloves unavailable)
SInv    +            (boots unavailable)
Will    +....        (no amulet)
Stlth   +++          d - +6 ring of strength
HPRegen 0.25/turn    (no ring)
MPRegen 0.13/turn

%: no passive effects
@: lethally poisoned (-6 -> -11), very slightly contaminated
A: very small, claws 1, fangs 3, see invisible, shaggy fur 2, stealthy paws, no
weapons or thrown items, no armour, multi-lived
a: no special abilities


You were on level 6 of the Dungeon.
You visited 2 branches of the dungeon, and saw 7 of its levels.

You collected 233 gold pieces.

Inventory:

Jewellery
 d - a +6 ring of strength (left paw)
Scrolls
 h - 2 scrolls of identify
 i - 2 scrolls of amnesia
 k - a scroll of summoning {unknown}
Potions
 a - 2 potions of magic
 b - a potion of haste
 c - 2 potions of attraction
 e - a potion of resistance {unknown}
 f - a potion of ambrosia
 g - a potion of heal wounds {unknown}
 j - 3 potions of enlightenment


   Skills:
 + Level 5.4 Dodging
 + Level 5.8 Stealth
 + Level 3.7 Spellcasting
 + Level 3.3 Conjurations
 * Level 4.6 Air Magic


You had 10 spell levels left.
You knew the following spells:

 Your Spells              Type           Power      Damage    Failure   Level
a - Shock                 Conj/Air       80%        1d8       2%          1
b - Static Discharge      Conj/Air       40%        3-5/arc   3%          2

Your spell library contained the following spells:

 Spells                   Type           Power      Damage    Failure   Level
 Swiftness                Air            23%        N/A       5%          3
 Ensorcelled Hibernation  Hex/Ice        6%         N/A       19%         2
 Airstrike                Air            11%        2d(2-18)  19%         4
 Frozen Ramparts          Ice            6%         1d1       36%         3
 Inner Flame              Hex/Fire       3%         N/A       36%         3
 Passwall                 Erth           3%         N/A       36%         3
 Leda's Liquefaction      Alch/Erth      1%         N/A       77%         4
 Petrify                  Alch/Erth      3%         N/A       77%         4
 Irradiate                Conj/Alch      5%         3d13      86%         5
 Metabolic Englaciation   Hex/Ice        1%         N/A       98%         5
 Ignition                 Fire           1%         3d3       100%        8


Dungeon Overview and Level Annotations

Branches:
Dungeon (6/15)             Temple (1/1) D:5

Altars:
Cheibriados
Dithmenos
Elyvilon
Fedhas
Gozag
Hepliaklqana
Kikubaaqudgha
Nemelex Xobeh
Okawaru
Qazlal
Ru
Sif Muna
Trog
Uskayaw
Vehumet
Wu Jian
Xom
Yredelemnul
Zin
The Shining One

Shops:
D:6 ?

Annotations:
D:5 exclusion: scorpion, Ijyb


Innate Abilities, Weirdness & Mutations

You have sharp claws.
You have razor-sharp teeth.
You have supernaturally acute eyesight. (SInv)
You are covered in thick fur. (AC +2)
Your paws help you pounce on unaware monsters.
You are incapable of wielding weapons or throwing items.
You cannot wear armour.
You gain extra lives every three experience levels.


Message History

There are monsters nearby!
You are too injured to fight recklessly!
There are monsters nearby!
You are too injured to fight recklessly!
There are monsters nearby!
You are too injured to fight recklessly!
There are monsters nearby!
You are too injured to fight recklessly!
There are monsters nearby!
You are too injured to fight recklessly!
There are monsters nearby!
You are too injured to fight recklessly!
There are monsters nearby!
You are too injured to fight recklessly!
There are monsters nearby!
You are too injured to fight recklessly!
There are monsters nearby!
You are too injured to fight recklessly!
There are monsters nearby!
You are too injured to fight recklessly!
There are monsters nearby!
You are too injured to fight recklessly!
There are monsters nearby!
You are too injured to fight recklessly!
There are monsters nearby!
You are too injured to fight recklessly!
There are monsters nearby!
You are too injured to fight recklessly!
There are monsters nearby!
You are too injured to fight recklessly!
There are monsters nearby!
You are too injured to fight recklessly!
There are monsters nearby!
You are too injured to fight recklessly!
There are monsters nearby!
You scratch the gnoll but do no damage.
You feel sick. The gnoll closely misses you.
The gnoll hits you with a +0 flail.
* * * LOW HITPOINT WARNING * * *
The gnoll sergeant hits you from afar with a +1 trident of venom!
You die...

................... #
###
...................... #
.##.........##........
.....................
....................
#...........###.....
##.##.....#..#.#gg.
...##.....#....#g#. .
#..............g@##.##.
##.....##....#.........#
......###..........#...#
........#..............#
...........#..........#
###........#..........#
#..................###
#....................
#.................###


You could see a gnoll sergeant and 3 gnolls.

Vanquished Creatures
  An ogre (D:5)
  A centaur (D:5)
  A phantom (D:4)
  A scorpion (D:6)
  A howler monkey (D:3)
  A bombardier beetle (D:5)
  6 hounds
  An iguana (D:5)
  8 adders
  4 gnolls (D:4)
  7 dart slugs
  3 ribbon worms
  6 orcs
  10 ball pythons
  10 endoplasms
  A giant cockroach (D:1)
  7 goblins
  2 hobgoblins
  7 kobolds
  2 quokkas
  5 bats
  8 frilled lizards
  6 rats
99 creatures vanquished.

Notes
Turn   | Place    | Note
-------+----------+-------------------------------------------
     0 | D:1      | Killerpretzel the Felid Air Elementalist began the quest
                  | for the Orb.
     0 | D:1      | Reached XP level 1. HP: 9/9 MP: 4/4
    71 | D:1      | Reached skill level 1 in Conjurations
   175 | D:1      | Reached XP level 2. HP: 13/13 MP: 3/6
   477 | D:1      | Learned a level 2 spell: Static Discharge
   812 | D:1      | Reached XP level 3. HP: 16/16 MP: 3/7
  2393 | D:2      | Reached XP level 4. HP: 13/21 MP: 1/8
  2393 | D:2      | Gained a life (2 lives remaining)
  3239 | D:3      | Reached XP level 5. HP: 24/24 MP: 0/10
  3622 | D:3      | Found a faded altar of an unknown god.
  3678 | D:3      | Identified the +1 pair of boots "Fuaxyah" {rElec rPois rC+
                  | Dex+2}
  3694 | D:3      | Found a glowing golden altar of the Shining One.
  3694 | D:3      | Found a shadowy altar of Dithmenos.
  4788 | D:4      | Gained mutation: You are covered in thick fur. (AC +2)
                  | [Felid growth]
  4788 | D:4      | Reached XP level 6. HP: 28/28 MP: 6/11
  5054 | D:4      | Reached skill level 5 in Stealth
  5400 | D:5      | Entered Level 5 of the Dungeon
  5566 | D:5      | Noticed Ijyb
  5750 | D:5      | Found a staircase to the Ecumenical Temple.
  5757 | Temple   | Entered the Ecumenical Temple
  5870 | D:5      | Reached skill level 5 in Dodging
  5938 | D:5      | Reached XP level 7. HP: 32/32 MP: 7/13
  6126 | D:5      | Mangled by an ogre
  6126 | D:5      | Lost a life (1 life remaining)
  6351 | D:5      | HP: 1/32 [scorpion (3)]
  6352 | D:6      | Noticed a yak
  6352 | D:6      | Noticed a yak
  6352 | D:6      | Noticed a yak
  6352 | D:6      | Found Zagim's Magic Scroll Boutique.
  6352 | D:6      | Succumbed to a scorpion's poison
  6352 | D:6      | Lost a life (0 lives remaining)
  6420 | D:6      | Mangled by a gnoll sergeant

Illustrated notes

Levels and vault maps discovered:
D:1:      amcnicky_arrival_flooded_fountain, layout_basic,
          corexii_item_surrounded_by_moat, nrook_mini_vaults
D:2:      minmay_alternating_diamond, layout_basic, minmay_pentomino_u2
D:3:      layout_rooms, gammafunk_temple_overflow_elements,
          basic_ecumenical_altar, minmay_curled_crystal
D:4:      layout_basic
D:5:      layout_basic, minmay_temple_entry_wispy, uniq_ijyb
D:6:      layout_cave_pools, serial_shops, nicolae_shop_tiny_waterfront,
          kennysheep_decorative_pillar
Temple:   dpeg_five_rooms_temple

Skill      XL: |  1  2  3  4  5  6 |
---------------+-------------------+-----
Conjurations   | 1 2 3 |  3.3
Stealth        | 3 4 5 |  5.8
Dodging        | 3 4 5 |  5.4
Air Magic      | 3 4 |  4.6
Spellcasting   | 3 |  3.7

Action                     |  1- 3 |  4- 6 |  7- 9 || total
---------------------------+-------+-------+-------++-------
  Melee: Unarmed           |     8 |    20 |     1 ||    29
         Bite              |     1 |     4 |       ||     5
   Cast: Shock             |   105 |   183 |    39 ||   327
    Use: Scroll            |       |    12 |       ||    12
 Armour: Skin              |     5 |    22 |    14 ||    41
  Dodge: Dodged            |    17 |    73 |    17 ||   107
